Map: Acid Plant LE

Players

SpeCial - Winner!

  • Race: Terran Terran
  • Spawn Location: 11:00

Zanster

  • Race: Zerg Zerg
  • Spawn Location: 5:00

Event: WCS Valencia 2018

VOD

Have the link to the VOD?

Description

Time

  • Played on: July 12, 2018, 12:46 p.m.
  • Length: 18:13

All games in this series

Show
View Real Time Build Order
Export as new Build Order

SpeCial Terran - Winner!

Build Orders: Hellion Opening, Reaper Expand, Mech 

Get SALT Encoding   

  12  0:00  SCV  
  13  0:13  SCV  
  14  0:17  Supply Depot  
  14  0:25  SCV  
  15  0:39  SCV  
  15  0:41  Barracks  
  16  0:44  Refinery  
  16  0:51  SCV  
  17  1:03  SCV  
  18  1:15  SCV  
  19  1:28  Orbital Command, Reaper  
  20  1:39  Command Center  
  20  1:54  SCV  
  20  1:55  Supply Depot  
  20  2:00  Marine  
  22  2:06  SCV  
  22  2:08  Factory  
  23  2:12  Refinery  
  23  2:19  SCV  
  23  2:22  Barracks Reactor  
  24  2:31  SCV  
  25  2:43  SCV  
  26  2:51  Orbital Command  
  26  2:55  SCV  
  26  2:57  Starport  
  27  3:05  Hellion x2  
  31  3:06  Barracks Tech Lab  
  31  3:07  SCV  
  32  3:16  Supply Depot  
  32  3:17  SCV  
  32  3:19  SCV  
  34  3:26  Hellion x2  
  38  3:32  SCV  
  38  3:33  SCV  
  40  3:34  Viking  
  40  3:39  Supply Depot  
  42  3:45  SCV  
  43  3:55  Hellion x2  
  47  3:58  SCV x2  
  49  4:04  Supply Depot  
  49  4:10  SCV x2  
  51  4:18  Barracks Tech Lab  
  51  4:22  SCV x2  
  51  4:23  Command Center  
  53  4:28  Supply Depot  
  53  4:31  Raven  
  53  4:34  SCV x2  
  57  4:40  Supply Depot  
  57  4:44  Marine  
  57  4:45  Marine  
  59  4:46  Siege Tank, SCV x2  
  59  4:52  Refinery  
  64  4:55  Refinery  
  64  4:58  SCV x2  
  64  5:02  Marine x2  
  64  5:04  Supply Depot  
  66  5:10  SCV x2  
  66  5:11  Armory  
  66  5:13  Armory  
  68  5:18  Siege Tank  
  71  5:22  SCV x2  
  71  5:24  Marine x2  
  75  5:34  SCV  
  75  5:35  SCV  
  77  5:36  Orbital Command  
  77  5:47  SCV x2  
  79  5:56  Orbital Command  
  82  5:58  Factory x2  
  82  5:59  SCV x2  
  84  6:09  Factory  
  84  6:11  SCV x2  
  83  6:13  Terran Vehicle And Ship Armor Level 1, Terran Vehicle Weapons Level 1  
  83  6:18  Supply Depot  
  83  6:19  Supply Depot  
  83  6:21  Hellion x2  
  83  6:22  Starport Reactor  
  83  6:23  SCV x2  
  83  6:25  SCV  
  90  6:34  Command Center  
  90  6:35  SCV x2  
  90  6:37  SCV  
  85  6:42  Hellion x2  
  86  6:47  SCV x2  
  86  6:49  SCV  
  83  6:54  Thor  
  83  6:59  SCV x2  
  83  7:01  SCV  
  90  7:03  Refinery x2  
  90  7:05  Supply Depot x2  
  90  7:07  Thor, Hellion  
  90  7:08  Medivac x2, Hellion  
  103  7:11  SCV x2  
  103  7:13  SCV  
  106  7:23  SCV x2, Factory  
  106  7:25  SCV, Factory  
  109  7:31  Hellion x2  
  109  7:35  SCV  
  109  7:36  SCV  
  115  7:37  SCV  
  115  7:39  Liberator x2  
  115  7:40  Siege Tank  
  120  7:48  SCV x2  
  120  7:49  SCV  
  120  7:50  Siege Tank  
  126  7:57  Command Center  
  128  8:00  SCV x2  
  128  8:01  SCV  
  128  8:05  Supply Depot  
  131  8:06  Supply Depot x2  
  131  8:09  Hellion x2  
  131  8:11  Factory Reactor, Factory Tech Lab  
  131  8:12  SCV x2  
  137  8:15  Supply Depot x2  
  137  8:23  Siege Tank  
  140  8:30  Liberator, Hellion x2  
  140  8:33  Supply Depot  
  144  8:35  Supply Depot  
  144  8:37  Siege Tank  
  151  8:49  Terran Vehicle Weapons Level 2, Supply Depot  
  151  8:51  Terran Vehicle And Ship Armor Level 2  
  151  8:52  Hellion x2  
  151  8:53  Hellion x2  
  151  8:55  Siege Tank  
  159  9:00  Liberator  
  159  9:06  Engineering Bay  
  159  9:09  Hellion x2  
  163  9:13  Hellion x2  
  170  9:27  Siege Tank  
  170  9:30  Siege Tank, Hellion x2  
  170  9:31  Siege Tank  
  183  9:34  Hellion  
  183  9:35  Hellion  
  183  9:36  Infernal Pre-Igniter  
  179  9:51  Hellion x2  
  183  9:53  Factory  
  183  9:56  Hellion x2  
  183  9:59  Siege Tank  
  190  10:01  Refinery  
  190  10:05  Refinery  
  187  10:08  Siege Tank  
  187  10:12  Hellion  
  187  10:13  Hellion  
  194  10:15  Hellion x4  
  194  10:17  Hellion x2  
  198  10:26  Ghost Academy, Barracks x3  
  198  10:27  Barracks  
  182  10:29  Planetary Fortress  
  182  10:34  Hellion  
  184  10:37  Command Center  
  184  10:39  Hellion x2  
  188  10:44  Factory Tech Lab  
  185  10:55  Hellion x2  
  185  10:56  Hellion  
  175  10:57  Viking x2  
  168  11:06  Hellion x2  
  157  11:16  Terran Vehicle And Ship Armor Level 3, Terran Ship Weapons Level 1  
  157  11:17  Barracks Tech Lab x2  
  149  11:18  Barracks Tech Lab  
  149  11:21  SCV x3  
  149  11:25  Barracks Tech Lab, Hellion x3  
  152  11:26  Hellion  
  152  11:27  Viking x2, Hellion  
  157  11:40  Hellion x2  
  157  11:42  Ghost x2  
  157  11:43  Ghost  
  157  11:46  Ghost  
  162  11:56  SCV x3  
  162  11:57  Viking x2  
  161  12:06  Thor x2  
  156  12:09  Hellion x2  
  156  12:11  Ghost  
  156  12:12  Hellion  
  156  12:13  Ghost  
  156  12:14  Hellion x2  
  162  12:16  Personal Cloaking  
  162  12:20  Thor  
  162  12:27  Viking x2  
  162  12:28  Thor  
  168  12:33  Sensor Tower  
  168  12:35  Hellion  
  168  12:50  Siege Tank x2  
  170  12:52  Sensor Tower  
  170  12:55  Hellion x2  
  170  12:57  Viking  
  174  12:59  Hellion  
  172  13:07  Viking  
  172  13:11  Ghost  
  170  13:14  Hellion  
  168  13:21  Planetary Fortress  
  168  13:22  Command Center, Ghost x3  
  168  13:23  Command Center  
  168  13:25  Hellion  
  176  13:28  Smart Servos  
  176  13:32  Hellion x2  
  180  13:38  Factory Tech Lab  
  180  13:39  Viking x2  
  184  13:42  Missile Turret  
  184  13:43  Refinery  
  184  13:44  Starport, Hellion x2  
  184  13:46  Refinery  
  188  13:49  Ghost  
  188  13:52  Liberator x2  
  186  14:13  Ghost  
  188  14:19  Siege Tank, Hellion x2  
  195  14:25  Siege Tank  
  198  14:35  Liberator  
  186  14:41  Siege Tank, Hellion x2  
  180  14:48  Siege Tank, Hellion x2  
  180  14:51  Siege Tank  
  189  14:58  Hellion  
  183  15:01  Ghost x2  
  187  15:10  SCV x3  
  187  15:13  Sensor Tower, Thor  
  196  15:17  Ghost  
  200  15:21  Hellion  
  200  15:23  Terran Vehicle Weapons Level 3  
  200  15:42  Orbital Command x2  
  192  15:46  Siege Tank  
  192  15:51  Ghost  
  192  15:52  Ghost x3  
  197  15:57  Refinery, Supply Depot  
  194  16:07  Siege Tank x2  
  200  16:11  Supply Depot  
  200  16:12  Supply Depot  
  200  16:15  Supply Depot  
  200  16:17  Nuke  
  200  16:19  Ghost Academy  
  200  16:20  Ghost Academy  
  193  16:36  Ghost x2  
  180  16:45  Hellion x3  
  186  16:48  Siege Tank  
  186  16:50  Hellion  
  186  16:51  Command Center  
  191  17:12  Nuke x2  
  191  17:15  Siege Tank, Hellion x3  
  192  17:18  Siege Tank, Hellion  
  198  17:23  Hellion  
  198  17:26  Ghost  
  200  17:34  Sensor Tower  
  200  17:43  Starport Reactor  
  189  17:53  Command Center  
Show
View Real Time Build Order
Export as new Build Order

Zanster Zerg 

Build Orders: Hatch First, Brood Lord Corruptor 

Get SALT Encoding   

  12  0:00  Drone  
  13  0:13  Overlord  
  13  0:17  Drone  
  14  0:31  Drone x2  
  17  0:35  Drone  
  17  0:51  Hatchery  
  17  0:56  Drone  
  17  0:58  Drone  
  18  1:11  Extractor  
  17  1:13  Spawning Pool  
  17  1:16  Drone  
  17  1:20  Drone  
  18  1:29  Drone  
  19  1:39  Drone  
  20  1:51  Overlord  
  20  2:03  Queen x2  
  20  2:05  Zergling x4  
  26  2:11  Metabolic Boost  
  26  2:15  Drone x2  
  29  2:22  Drone  
  29  2:28  Drone  
  30  2:33  Drone  
  30  2:39  Hatchery  
  29  2:45  Queen  
  29  2:50  Overlord  
  31  2:52  Drone  
  31  2:57  Drone  
  33  2:59  Drone  
  33  3:00  Drone  
  35  3:05  Overlord  
  35  3:18  Drone x6  
  35  3:19  Drone  
  42  3:21  Drone  
  43  3:27  Drone  
  43  3:28  Queen  
  46  3:35  Zergling x2  
  46  3:37  Overlord  
  47  3:45  Zergling x2  
  48  3:49  Zergling x2  
  48  3:51  Overlord  
  48  3:54  Lair  
  49  3:56  Drone x3  
  49  3:57  Drone  
  49  4:00  Extractor, Drone  
  49  4:01  Drone  
  54  4:04  Drone, Queen  
  54  4:05  Drone  
  54  4:09  Overlord  
  58  4:14  Drone x2  
  58  4:16  Queen  
  62  4:20  Drone  
  62  4:23  Drone  
  62  4:24  Baneling Nest  
  63  4:26  Overlord  
  63  4:28  Drone  
  63  4:29  Drone  
  65  4:36  Zergling x8  
  69  4:42  Evolution Chamber  
  69  4:43  Zergling x4  
  69  4:44  Evolution Chamber  
  69  4:45  Overlord  
  69  4:51  Drone x4  
  69  4:52  Drone  
  74  4:59  Overlord  
  74  5:02  Overlord  
  74  5:05  Drone  
  74  5:06  Drone x2  
  77  5:09  Drone x4  
  77  5:11  Zerg Melee Weapons Level 1  
  81  5:14  Drone  
  81  5:16  Overlord x2  
  81  5:17  Extractor  
  81  5:22  Zerg Ground Armor Level 1  
  81  5:23  Spore Crawler  
  81  5:24  Drone x2  
  81  5:28  Extractor  
  81  5:29  Extractor  
  81  5:31  Drone x2  
  81  5:32  Overlord  
  81  5:34  Drone x2  
  84  5:38  Zergling x2  
  85  5:44  Drone x2  
  85  5:45  Drone  
  85  5:48  Drone  
  89  5:52  Hatchery  
  89  5:53  Overlord  
  89  5:55  Zergling x16  
  95  6:02  Zergling x2  
  96  6:09  Centrifical Hooks  
  96  6:12  Hatchery, Drone  
  96  6:15  Hydralisk Den  
  95  6:20  Zergling x18  
  95  6:23  Overlord  
  104  6:29  Overlord  
  104  6:35  Zergling x2  
  104  6:36  Zergling x8  
  103  6:43  Zergling x2  
  103  6:44  Zergling x8  
  103  6:46  Muscular Augments  
  100  6:53  Overlord  
  98  6:56  Drone x4  
  99  7:06  Hatchery  
  99  7:08  Drone x4  
  99  7:13  Infestation Pit  
  99  7:15  Zerg Melee Weapons Level 2  
  101  7:18  Zerg Ground Armor Level 2  
  101  7:21  Drone x6  
  107  7:23  Hydralisk x5  
  107  7:28  Hydralisk  
  107  7:29  Hydralisk x2  
  123  7:34  Overlord  
  122  7:38  Zergling x2, Hydralisk  
  122  7:39  Zergling x2  
  122  7:42  Zergling x4  
  123  7:50  Hive  
  121  7:51  Spire  
  121  7:53  Drone x9  
  121  7:55  Extractor, Drone  
  121  7:56  Extractor, Drone  
  121  7:58  Extractor, Drone  
  124  8:05  Hydralisk x4  
  125  8:10  Hydralisk x3  
  138  8:25  Drone x3  
  141  8:28  Hydralisk x3  
  141  8:29  Zergling x6  
  141  8:30  Baneling, Zergling x8  
  141  8:31  Baneling x6  
  141  8:33  Overlord  
  152  8:51  Zergling x24  
  152  8:52  Zergling x14  
  171  9:01  Overlord  
  167  9:04  Greater Spire  
  167  9:07  Hydralisk x4  
  167  9:08  Hydralisk x2  
  177  9:15  Overlord  
  177  9:21  Queen  
  177  9:22  Drone  
  177  9:23  Drone x7  
  174  9:44  Corruptor  
  174  9:45  Corruptor x10  
  196  9:58  Zerg Missile Weapons Level 1  
  196  9:59  Zerg Melee Weapons Level 3  
  196  10:16  Hatchery  
  182  10:23  Brood Lord x4  
  182  10:33  Brood Lord  
  182  10:35  Zergling x14  
  188  10:39  Brood Lord  
  190  10:43  Drone  
  190  10:44  Overlord x2, Queen  
  190  10:45  Overlord  
  189  10:55  Brood Lord x2, Hatchery  
  186  11:00  Hydralisk x5  
  186  11:01  Zergling x10  
  186  11:02  Zergling x16  
  183  11:09  Drone x3  
  183  11:10  Drone x3  
  177  11:14  Drone  
  176  11:18  Corruptor  
  176  11:19  Corruptor  
  176  11:23  Drone  
  176  11:24  Drone x3  
  162  11:39  Hydralisk x4  
  160  11:44  Drone x4  
  161  11:53  Drone x5  
  163  12:02  Drone x7  
  166  12:13  Drone x5  
  165  12:21  Drone x4  
  165  12:31  Viper x4  
  177  12:51  Hydralisk x5  
  177  12:53  Zerg Missile Weapons Level 2  
  177  12:57  Zerg Ground Armor Level 3  
  177  12:58  Drone x5  
  188  12:59  Drone  
  184  13:18  Drone  
  184  13:19  Drone x10  
  195  13:25  Hydralisk x2  
  199  13:28  Zerg Flyer Armor Level 1  
  199  13:42  Hatchery  
  198  13:48  Hatchery  
  198  13:53  Spore Crawler  
  198  13:54  Spore Crawler  
  195  13:57  Spine Crawler  
  195  13:58  Spore Crawler, Spine Crawler  
  195  14:00  Spore Crawler  
  195  14:01  Spore Crawler  
  190  14:08  Queen  
  190  14:09  Queen  
  192  14:10  Pneumatized Carapace  
  192  14:13  Spine Crawler, Drone  
  192  14:14  Drone x2  
  196  14:19  Brood Lord  
  196  14:34  Unknown x2  
  188  14:43  Hydralisk  
  188  14:44  Hydralisk x15  
  188  14:55  Hydralisk x4  
  190  15:04  Drone  
  190  15:05  Drone x6  
  191  15:09  Overseer x3  
  191  15:10  Overseer  
  191  15:19  Overseer  
  191  15:22  Viper x3  
  199  15:38  Drone x3  
  188  15:48  Spore Crawler  
  188  15:49  Drone x3  
  186  15:55  Drone x5  
  186  15:56  Zerg Flyer Armor Level 2  
  188  16:06  Overseer  
  188  16:09  Zergling x2  
  188  16:10  Zergling x22  
  200  16:12  Hatchery  
  199  16:28  Hydralisk x3  
  200  16:39  Hydralisk x9  
  178  16:40  Zergling x2, Hydralisk x2  
  199  16:50  Baneling x5  
  199  16:51  Baneling x2  
  199  17:05  Zergling x2  
  199  17:06  Zergling x10  
  199  17:10  Baneling x3  
  177  17:16  Zergling x2  
  177  17:17  Zergling x42  
  177  17:19  Overlord x4  
  177  17:22  Overseer  
  197  17:35  Hydralisk  
  197  17:36  Hydralisk x6  
  190  17:40  Drone x3  
  190  17:41  Drone x4  
  198  17:49  Unknown  
  198  17:50  Unknown  
Tags
 
Add a new tag
Caveats
  • Supply blocks, unpowered buildings, or Contaminate may cause inaccurate times.
  • Supply counts are checked every 10 seconds.